 Dungeon Crawl Stone Soup version 0.30.1-11-g7821555f0a (webtiles) character file.

Game seed: 12635146558627808695

396 ZeroWinrate the Digger (level 6, -3/32 HPs)
             Began as a Gargoyle Earth Elementalist on Nov 27, 2023.
             Slain by an iguana (9 damage)
             ... on level 5 of the Dungeon.
             The game lasted 00:05:44 (3465 turns).

ZeroWinrate the Digger (GrEE)                       Turns: 3465, Time: 00:05:44

Health: -3/32      AC:  6    Str: 11    XL:     6   Next: 83%
Magic:  9/12       EV: 11    Int: 18    God:
Gold:   405        SH:  0    Dex: 10    Spells: 8/13 levels left

rFire   . . .        n - +0 hand axe (drain)
rCold   . . .        (no shield)
rNeg    + . .        a - +0 robe
rPois   ∞            (no helmet)
rElec   +            (no cloak)
rCorr   .            (no gloves)
SInv    .            (no boots)
Will    .....        (no amulet)
Stlth   ++           (no ring)
HPRegen 0.25/turn    (no ring)
MPRegen 0.13/turn

%: no passive effects
@: no status effects
A: sickness immunity, AC +4, negative energy resistance 1, electricity
resistance, torment resistance 1, petrification resistance
a: no special abilities


You were on level 5 of the Dungeon.
You visited 1 branch of the dungeon, and saw 5 of its levels.

You collected 405 gold pieces.

Inventory:

Hand Weapons
 n - a +0 hand axe of draining (weapon)
Armour
 a - a +0 robe (worn)
Jewellery
 D - a +5 ring of evasion
Wands
 m - a wand of polymorph (12)
Scrolls
 c - 2 scrolls of enchant armour
 d - a scroll of blinking
 f - 2 scrolls of teleportation {unknown}
 g - a scroll of magic mapping
 p - a scroll of fog {unknown}
 q - a scroll of identify
 r - a scroll of noise {unknown}
 s - a scroll of poison {unknown}
 t - a scroll of enchant weapon {unknown}
 u - a scroll of brand weapon {unknown}
 w - 2 scrolls of vulnerability {unknown}
 y - a scroll of acquirement {unknown}
 z - 4 scrolls of fear {unknown}
 C - a scroll of torment {unknown}
Potions
 b - 2 potions of magic
 e - a potion of brilliance {unknown}
 h - a potion of heal wounds {unknown}
 i - a potion of ambrosia {unknown}
 j - 5 potions of curing {unknown}
 k - a potion of might {unknown}
 l - a potion of lignification {unknown}
 o - a potion of berserk rage {unknown}
 v - 4 potions of haste {unknown}
 x - a potion of degeneration {unknown}
 A - a potion of attraction {unknown}
 B - a potion of resistance {unknown}


   Skills:
 - Level 1.5 Dodging
 - Level 2.1 Stealth
 + Level 4.1 Spellcasting
 + Level 3.5 Conjurations
 - Level 1.0 Transmutations
 + Level 6.1 Earth Magic


You had 8 spell levels left.
You knew the following spells:

 Your Spells              Type           Power      Damage    Failure   Level
a - Sandblast             Erth           50%        2d12      1%          1
b - Magic Dart            Conj           64%        1d6       3%          1
c - Stone Arrow           Conj/Erth      42%        3d9       6%          3

Your spell library contained the following spells:

 Spells                   Type           Power      Damage    Failure   Level
 Passwall                 Tmut/Erth      13%        N/A       4%          2
 Kiss of Death            Conj/Necr      40%        2d8       7%          1
 Momentum Strike          Conj/Tloc      20%        3d8       11%         2
 Apportation              Tloc           6%         N/A       14%         1
 Blink                    Tloc           6%         N/A       22%         2
 Lesser Beckoning         Tloc           6%         N/A       22%         2
 Petrify                  Tmut/Erth      16%        N/A       32%         4
 Animate Armour           Summ/Erth      28%        N/A       38%         4
 Blade Hands              Tmut           3%         N/A       95%         5
 Iron Shot                Conj/Erth      10%        9d3       97%         6


Dungeon Overview and Level Annotations

Branches:
Dungeon (5/15)             Temple (0/1) D:5

Altars:

Shops:
D:5 *


Innate Abilities, Weirdness & Mutations

You are immune to sickness and miasma.
Your stone body is resilient. (AC +4)
You are immune to poison.
You resist negative energy. (rN+)
You are resistant to electric shocks. (rElec)
You are resistant to unholy torment.
You are immune to petrification.


Message History

You can't see any susceptible monsters within range! (Use Z to cast anyway.)
The iguana hisses angrily.
Casting: Sandblast (safe; 1% risk of failure)
Confirm with . or Enter, or press ? or * to list all spells.
Aiming: Sandblast (safe; 1% risk of failure)
Press: ? - help, Shift-Dir - straight line, f - iguana
Aim: an iguana (85% to hit)
The blast of sand hits the iguana.
The iguana is moderately wounded.
Casting: Sandblast (safe; 1% risk of failure)
Confirm with . or Enter, or press ? or * to list all spells.
Aiming: Sandblast (safe; 1% risk of failure)
Press: ? - help, Shift-Dir - straight line, f/p - iguana
Aim: an iguana (moderately wounded, 85% to hit)
The blast of sand hits the iguana.
The iguana is moderately wounded.
The iguana bites you. The sleepcap releases spores at you.
The iguana barely misses you.
The sleepcap releases spores at you but does no damage.
Casting: Sandblast (safe; 1% risk of failure)
Confirm with . or Enter, or press ? or * to list all spells.
Aiming: Sandblast (safe; 1% risk of failure)
Press: ? - help, Shift-Dir - straight line, f/p - iguana
Aim: an iguana (moderately wounded, 85% to hit)
The blast of sand hits the iguana.
The iguana is heavily wounded.
The iguana bites you. The sleepcap closely misses you.
Casting: Sandblast (safe; 1% risk of failure)
Confirm with . or Enter, or press ? or * to list all spells.
Aiming: Sandblast (safe; 1% risk of failure)
Press: ? - help, Shift-Dir - straight line, f/p - iguana
Aim: an iguana (heavily wounded, 85% to hit)
The blast of sand hits the iguana.
The iguana is almost dead.
The iguana bites you!
* * * LOW HITPOINT WARNING * * *
The sleepcap releases spores at you.
* * * LOW HITPOINT WARNING * * *
The iguana bites you!
You die...

##....###.# ######.
######......##.#
#......
##..##........'.#
#######
.....'........#.# #
#..#.'........#.# #
#..###........#'###
#..# ##......##)..###
#..# ##....##..$...#
#.######
#..##########...@.$.#
#.....<.
#........###..$fl...#
##.#####
##.###.....##.....$.#
##.###.....###..$...+
...##........##...###
#####......########
#..)...# #####.##.###
#...........#


You could see a sleepcap and an iguana.

Vanquished Creatures
  4 scorpions (D:5)
  A hound (D:5)
  A sleepcap (D:4)
  A gnoll (D:5)
  An adder (D:4)
  An ufetubus (D:5)
  2 worms (D:2)
  4 dart slugs
  An orc (D:5)
  5 ball pythons
  4 bats
  8 endoplasms
  2 giant cockroaches
  3 goblins (D:1)
  A hobgoblin (D:4)
  6 jackals
  4 quokkas
  A frilled lizard (D:1)
  7 kobolds
  5 rats
62 creatures vanquished.

Notes
Turn   | Place    | Note
-------+----------+-------------------------------------------
     0 | D:1      | ZeroWinrate the Gargoyle Earth Elementalist began the quest
                  | for the Orb.
     0 | D:1      | Reached XP level 1. HP: 10/10 MP: 3/3
    28 | D:1      | You fall into a shaft and drop 1 floor!
   135 | D:2      | Reached XP level 2. HP: 15/15 MP: 3/5
   244 | D:2      | Reached skill level 4 in Earth Magic
   578 | D:1      | Reached XP level 3. HP: 19/19 MP: 4/6
   784 | D:1      | Got A Tutorial on Awakened Knowledge
   968 | D:1      | Learned a level 1 spell: Magic Dart
   972 | D:1      | Learned a level 3 spell: Stone Arrow
  1204 | D:2      | Reached skill level 1 in Transmutations
  1800 | D:3      | Reached XP level 4. HP: 24/24 MP: 8/8
  2056 | D:3      | Found a faded altar of an unknown god.
  2266 | D:4      | Reached skill level 1 in Conjurations
  2590 | D:4      | Reached skill level 5 in Earth Magic
  2795 | D:5      | Entered Level 5 of the Dungeon
  2998 | D:5      | Noticed a scorpion
  3002 | D:5      | Killed a scorpion
  3003 | D:5      | Reached XP level 5. HP: 25/28 MP: 4/10
  3095 | D:5      | Reached XP level 6. HP: 32/32 MP: 5/11
  3204 | D:5      | Found a staircase to the Ecumenical Temple.
  3266 | D:5      | Found Sasuyc's Gadget Gallery.
  3335 | D:5      | Reached skill level 6 in Earth Magic
  3465 | D:5      | Slain by an iguana

Illustrated notes

Levels and vault maps discovered:
D:1:      dpeg_arrival_fog, layout_rooms, grunt_decor_mini_mirrors,
          minmay_distorted
D:2:      layout_basic
D:3:      layout_rooms, dreamdust_ecumenical_altar_angels_and_demons
D:4:      layout_basic
D:5:      minmay_polygon_palace, layout_loops_ring, minmay_temple_entry_trees,
          nicolae_shop_gadgets

Skill      XL: |  1  2  3  4  5  6 |
---------------+-------------------+-----
Earth Magic    | 4 5 6 |  6.1
Transmutations | 1 |  1.0
Spellcasting   | 3 4 |  4.1
Conjurations   | 2 3 |  3.5
Dodging        | |  1.5
Stealth        | |  2.1

Action                     |  1- 3 |  4- 6 || total
---------------------------+-------+-------++-------
  Melee: Unarmed           |     2 |       ||     2
         Hand axe          |    19 |    43 ||    62
         Punch             |       |     1 ||     1
   Cast: Sandblast         |    43 |    31 ||    74
  Evoke: Wand              |       |     1 ||     1
    Use: Scroll            |     3 |       ||     3
   Stab: Sleeping          |     1 |     1 ||     2
 Armour: Robe              |    17 |    22 ||    39
  Dodge: Dodged            |    33 |    50 ||    83
